 Dungeon Crawl Stone Soup version 0.18-a0-1361-g9293dd1 (webtiles) character file.

193 Minkie the Cutter (level 6, -3/40 HPs)
             Began as a Kobold Berserker on Feb 20, 2016.
             Was a Believer of Trog.
             Slain by a mummy (10 damage)
             ... in an ossuary.
             The game lasted 00:09:20 (2931 turns).

Minkie the Cutter (Kobold Berserker)                Turns: 2931, Time: 00:09:20

Health: -3/40      AC:  5    Str: 16    XL:     6   Next: 3%
Magic:  6/6        EV: 14    Int:  5    God:    Trog [**....]
Gold:   84         SH:  0    Dex: 17    Spells: 0 memorised, 5 levels left

rFire  . . .     SeeInvis .     a - +0 short sword
rCold  . . .     Gourm    .     d - +0 ring mail (curse)
rNeg   . . .     Faith    .     (shield restricted)
rPois  .         Spirit   .     (no helmet)
rElec  .         Dismiss  .     (no cloak)
rCorr  .         Reflect  .     (no gloves)
SustAt .         Harm     .     (no boots)
MR     ++...                    (no amulet)
Stlth  +.........               (no ring)
                                (no ring)

@: exhausted, regenerating, slowed, very slow, very resistant to hostile
enchantments, very unstealthy
A: carnivore 3
a: Berserk, Trog's Hand, Burn Spellbooks, Renounce Religion


You were in an ossuary.
You worshipped Trog.
Trog was pleased with you.
You were very full.

You visited 1 branch of the dungeon, and saw 4 of its levels.
You also visited: Ossuary.

You collected 84 gold pieces.

Inventory:

Hand Weapons
 a - a +0 short sword (weapon)
Armour
 d - a cursed +0 ring mail (worn)
 s - a +0 chain mail
Jewellery
 k - an uncursed ring of wizardry {unknown}
 u - an uncursed ring of protection from fire {unknown}
Scrolls
 b - 3 scrolls of fear {unknown}
 e - a scroll of immolation {unknown}
 i - 2 scrolls of remove curse {unknown}
 j - a scroll of teleportation {unknown}
 l - 4 scrolls of noise {unknown}
 n - a scroll of enchant weapon {unknown}
 r - 3 scrolls of identify {unknown}
 x - a scroll of random uselessness {unknown}
Potions
 f - a potion of lignification {unknown}
 g - 2 potions of curing {unknown}
 h - a potion of cure mutation {unknown}
 m - a potion of brilliance {unknown}
 p - a potion of might {unknown}
 q - 2 potions of ambrosia {unknown}
 t - 3 potions of agility {unknown}
 w - 2 potions of degeneration {unknown}
Comestibles
 c - 2 meat rations
 o - 3 beef jerkies
 v - a royal jelly


   Skills:
 + Level 4.8 Fighting
 * Level 6.6 Short Blades
 - Level 1.6 Armour
 - Level 3.0 Dodging


You had 5 spell levels left.
You didn't know any spells.

Dungeon Overview and Level Annotations

Branches:
Dungeon (4/15)
 Temple: D:4-7

Altars:
Makhleb
Vehumet
Zin


Innate Abilities, Weirdness & Mutations

You are small and have problems with some larger weapons.
You are carnivorous and can eat meat at any time.


Message History

The mummy barely misses you.
You barely miss the mummy.
The mummy is almost destroyed.
You hit the mummy.
You destroy the mummy!
You have reached level 6!
Your experience leads to an increase in your attributes!
Increase (S)trength, (I)ntelligence, or (D)exterity?
You feel agile.
You hit the mummy but do no damage. You barely miss the mummy.
The mummy hits you!
* * * LOW HITPOINT WARNING * * *
You barely miss the mummy. The mummy hits you.
* * * LOW HITPOINT WARNING * * *
You hit the mummy but do no damage. You hit the mummy.
The mummy is lightly damaged.
You feel the effects of Trog's Hand fading.
The mummy hits you!
You die...

##### #...# #!..#
##@## ###M#
###+### #.'.##
##.....##
###..###.......##
+...#.........#
#...'....⌠....+
+...#.........#
#..###.......##
+.## ##.....##


You could see a mummy.

Vanquished Creatures
  A centaur zombie (Ossuary)
  Ijyb (D:3)
  3 mummies (Ossuary)
  2 adders
  3 worms
  2 giant geckos (D:1)
  2 orcs (D:3)
  3 ball pythons
  10 bats
  2 giant cockroaches (D:1)
  6 goblins
  7 hobgoblins
  3 jackals (D:1)
  A quokka (D:2)
  4 giant newts
  13 kobolds
  7 rats
70 creatures vanquished.

Notes
Turn   | Place    | Note
--------------------------------------------------------------
     0 | D:1      | Minkie the Kobold Berserker began the quest for the Orb.
     0 | D:1      | Reached XP level 1. HP: 14/14 MP: 1/1
   318 | D:1      | Reached XP level 2. HP: 17/19 MP: 2/2
   514 | D:1      | Reached ** piety under Trog
   539 | D:1      | Reached XP level 3. HP: 23/23 MP: 3/3
  1183 | D:2      | Reached skill level 5 in Short Blades
  1183 | D:2      | Reached XP level 4. HP: 29/29 MP: 4/4
  1287 | D:2      | Found a radiant altar of Vehumet.
  1834 | D:3      | Noticed Ijyb
  1841 | D:3      | Killed Ijyb
  2007 | D:3      | Found a burning altar of Makhleb.
  2049 | D:3      | Reached XP level 5. HP: 21/33 MP: 5/5
  2259 | D:3      | Reached skill level 6 in Short Blades
  2454 | D:3      | Found a glowing silver altar of Zin.
  2760 | D:3      | Reached *** piety under Trog
  2833 | D:4      | Found a sand-covered staircase.
  2841 | Ossuary  | Entered an ossuary
  2918 | Ossuary  | HP: 1/34 [mummy (5)]
  2926 | Ossuary  | Reached XP level 6. HP: 9/40 MP: 6/6
  2931 | Ossuary  | Slain by a mummy

Vault maps used:
D:1:      lightli_arrival_maybe_door_vault
D:2:      nicolae_dithmenos_through_a_glass_darkly, lemuel_doored_altar,
          lightli_corner_chamber
D:3:      old_standard_altar, overflow_temple_1_default, minmay_cut_off,
          uniq_iyjb
D:4:      nicolae_ossuary_entry_plus, minmay_ruptured
Ossuary:  ossuary_crypta

Action                   |  1- 3 |  4- 6 || total
-------------------------+-------+-------++-------
Melee: Short sword       |   141 |   147 ||   288
Invok: Berserk           |     1 |     2 ||     3
       Trog's Hand       |       |     1 ||     1
 Stab: Sleeping          |     1 |       ||     1
  Eat: Chunk             |     9 |     7 ||    16
